 Dungeon Crawl Stone Soup version 0.31.0-12-g77e489cdc1 (webtiles) character file.

Game seed: 14936787262367436286

42 spaghetti the Ruffian (level 3, 0/29 HPs)
             Began as a Human Chaos Knight on Feb 26, 2024.
             Was a Plaything of Xom.
             Succumbed to an adder's poison
             ... on level 2 of the Dungeon.
             The game lasted 00:01:42 (789 turns).

spaghetti the Ruffian (Human Chaos Knight)           Turns: 789, Time: 00:01:42

Health: 0/29       AC:  6    Str: 14    XL:     3   Next: 56%
Magic:  3/3        EV: 11    Int: 12    God:    Xom [.....*]
Gold:   37         SH:  0    Dex: 12    Spells: 2/2 levels left

rFire   . . .        j - +0 lajatang
rCold   . . .        (shield currently unavailable)
rNeg    . . .        a - +2 leather armour
rPois   .            (no helmet)
rElec   .            (no cloak)
rCorr   .            h - +0 pair of gloves
SInv    .            (no boots)
Will    .....        (no amulet)
Stlth   +            (no ring)
HPRegen 0.24/turn    (no ring)
MPRegen 0.08/turn

%: no passive effects
@: mighty, lethally poisoned (0 -> -1)
A: explore regen
a: Renounce Religion


You were on level 2 of the Dungeon.
You worshipped Xom.
You were Xom's teddy bear.
You visited 1 branch of the dungeon, and saw 2 of its levels.

You collected 37 gold pieces.

Inventory:

Hand Weapons
 j - a +0 lajatang (weapon)
Armour
 a - a +2 leather armour (worn)
 h - a +0 pair of gloves (worn)
Talismans
 i - a blade talisman
Scrolls
 g - a scroll of teleportation
Potions
 d - a potion of brilliance


   Skills:
 - Level 3.0 Fighting
 + Level 0.6 Staves
 - Level 2.0 Armour
 - Level 1.0 Dodging
 - Level 4.3 Unarmed Combat
 - Level 0.1 Shapeshifting


You had 2 spell levels left.
You didn't know any spells.
Your spell library was empty.

Dungeon Overview and Level Annotations

Branches:
Dungeon (2/15)

Altars:
Xom


Innate Abilities, Weirdness & Mutations

You regain HP and MP as you explore.


Message History

You are no longer poisoned.
The adder barely misses you. The adder closely misses you.
You miss the adder.
The adder is moderately wounded.
The adder bites you but does no damage.
It was a potion of might.
You feel very mighty all of a sudden.
Xom is amused.
The adder misses you. The adder bites you but does no damage.
You barely miss the adder.
The adder is lightly wounded.
The adder barely misses you.
You barely miss the adder.
The adder is lightly wounded.
The adder bites you but does no damage. The adder bites you.
* * * LOW HITPOINT WARNING * * *
You are poisoned.
The adder poisons you!
Unknown command.
Unknown command.
You are mighty.
You are quite poisoned (8 -> 5).
Your movement speed is average.
Your attack delay is about 1.3.
Your damage rating with your +0 lajatang is about 18 (Base 16 x 110% (Str) x 106% (Skill)).
You miss the adder.
You feel sick. The adder bites you.
* * * LOW HITPOINT WARNING * * *
The adder bites you.
* * * LOW HITPOINT WARNING * * *
Unknown command.
Unknown command.
Okay, then.
Okay, then.
As you read the scroll of butterflies, it crumbles to dust.
You hear the flapping of tiny wings.
The adder is knocked back by the sudden gust.
* * * LOW HITPOINT WARNING * * *
You feel sick.
Unknown command.
You swap places.
You die...
Xom bursts into laughter!

..........### ...##.#
........########...#...
....#....#...b.........
..# #....†........b..#
##......##..bb.b.bSb#
#.##........bbbbb.b# #
#.....#####.bbb..#.#
#....######bbbb....#
.....###bbbb@bbbb....
...... #.b###bbbb..###
.#.... # #.bb...#
#...b..# .......#
#......# ####.#.# ....


You could see an adder (ally target).

Vanquished Creatures
  A gnoll (D:1)
  A dart slug (D:1)
  A ribbon worm (D:1)
  4 ball pythons
  A bat (D:1)
  2 endoplasms (D:1)
  A goblin (D:1)
  5 hobgoblins
  3 kobolds
  2 quokkas (D:1)
  2 frilled lizards (D:1)
  A rat (D:1)
24 creatures vanquished.

Vanquished Creatures (collateral kills)
  A rat (D:1)
1 creature vanquished.

Grand Total: 25 creatures vanquished

Notes
Turn   | Place    | Note
-------+----------+-------------------------------------------
     0 | D:1      | spaghetti the Human Chaos Knight began the quest for the
                  | Orb.
     0 | D:1      | Reached XP level 1. HP: 18/18 MP: 1/1
    57 | D:1      | XOM: potion effect (attraction)
    62 | D:1      | XOM: cast spell 'Summon Cactus Giant'
    66 | D:1      | Reached XP level 2. HP: 17/24 MP: 2/2
   168 | D:1      | Reached skill level 4 in Unarmed Combat
   198 | D:1      | XOM: scenery: summon butterflies
   277 | D:1      | Reached XP level 3. HP: 29/29 MP: 3/3
   366 | D:1      | XOM: smoke on damage
   593 | D:1      | XOM: scenery: create altars
   664 | D:2      | XOM: enchant monster (bad)
   720 | D:1      | XOM: god gift: lajatang {god gift}
   787 | D:2      | HP: 1/29 [adder (2)]
   789 | D:2      | Succumbed to an adder's poison

Illustrated notes

Levels and vault maps discovered:
D:1:      sevenhm_arrival_forest_fort_small_4, layout_rooms,
          nicolae_concentric_dashed_squares_wild, st_stairs_7
D:2:      layout_rooms, basic_altar

Skill      XL: |  1  2 |
---------------+-------+-----
Unarmed Combat | 4 |  4.3
Fighting       | |  3.0
Staves         | |  0.6
Armour         | |  2.0
Dodging        | |  1.0
Shapeshifting  | |  0.1

Action                     || total
---------------------------++-------
  Melee: Unarmed           ||    75
         Punch             ||     2
         Lajatang          ||    20
    Use: Potion            ||     4
         Scroll            ||     3
   Stab: Sleeping          ||     1
 Armour: Leather armour    ||    54
  Dodge: Dodged            ||    63
